TOP OF THE 1ST |
Vermont Lake Monsters batting - Pitching for Hialeah Dodos : RHP José Guzmán
|
Pitching: RHP José Guzmán
|
|
Batting: LHB Dave Burns
|
0-0: Swinging Strike 0-1: Foul Ball, location: 2F 0-2: Foul Ball, location: 2F 0-2: Strikes out swinging
|
Batting: RHB Teddy Pelham
|
0-0: Called Strike 0-1: Ball 1-1: Ball 2-1: Foul Ball, location: 2F 2-2: Strikes out swinging
|
Batting: LHB John Brewer
|
0-0: Swinging Strike 0-1: Called Strike 0-2: Ball 1-2: Ball 2-2: SINGLE (Groundball, 4MS)
|
Batting: LHB Theodore Shaw
|
0-0: Ball 1-0: Called Strike 1-1: Ball 2-1: SINGLE (Line Drive, 56) John Brewer to second
|
Batting: RHB Gonzalo Núñez
|
0-0: Called Strike 0-1: Called Strike 0-2: Ball 1-2: Ball 2-2: Strikes out swinging
|
Top of the 1st over - 0 run(s), 2 hit(s), 0 error(s), 2 left on base; Vermont 0 - Hialeah 0 |
BOTTOM OF THE 1ST |
Hialeah Dodos batting - Pitching for Vermont Lake Monsters : RHP Ed Jacobs
|
Pitching: RHP Ed Jacobs
|
|
Batting: RHB Ramón Gómez
|
0-0: Foul Ball, location: 2F 0-1: Ground out 6-3 (Groundball, 6M)
|
Batting: RHB Peter Baker
|
0-0: Ball 1-0: Called Strike 1-1: SINGLE (Line Drive, 56D)
|
Batting: RHB Joe Andrews
|
0-0: Swinging Strike 0-1: Ball 1-1: Fly out, F7 (Flyball, 78M)
|
Batting: RHB Ji-chol Yang
|
0-0: Ball 1-0: Ground out 5-3 (Groundball, 56)
|
Bottom of the 1st over - 0 run(s), 1 hit(s), 0 error(s), 1 left on base; Vermont 0 - Hialeah 0 |
TOP OF THE 2ND |
Vermont Lake Monsters batting - Pitching for Hialeah Dodos : RHP José Guzmán
|
Batting: RHB Denis Taylor
|
0-0: Ball 1-0: Foul Ball, location: 2F 1-1: Ball 2-1: Ball 3-1: Base on Balls
|
Batting: RHB Pat Ings
|
0-0: Ball 1-0: Called Strike 1-1: Called Strike 1-2: Ball 2-2: Ball 3-2: Strikes out swinging
|
Batting: RHB Daniel Cooper
|
0-0: Called Strike 0-1: Ball 1-1: Ball 2-1: Swinging Strike 2-2: Foul Ball, location: 2F 2-2: Strikes out looking
|
Batting: RHB Ralph May
|
0-0: Ball 1-0: Called Strike 1-1: Ball 2-1: Ball 3-1: Base on Balls Denis Taylor to second
|
Batting: LHB Dave Burns
|
0-0: Swinging Strike 0-1: Swinging Strike 0-2: Ball 1-2: Foul Ball, location: 2F 1-2: Strikes out swinging
|
Top of the 2nd over - 0 run(s), 0 hit(s), 0 error(s), 2 left on base; Vermont 0 - Hialeah 0 |
BOTTOM OF THE 2ND |
Hialeah Dodos batting - Pitching for Vermont Lake Monsters : RHP Ed Jacobs
|
Batting: RHB Alvin Rogers
|
0-0: Fly out, F8 (Flyball, 8RM)
|
Batting: RHB Herman Cook
|
0-0: Called Strike 0-1: Ball 1-1: Ground out 5-3 (Groundball, 5)
|
Batting: SHB Daryl Moore
|
0-0: Ball 1-0: Ball 2-0: Ball 3-0: Called Strike 3-1: Swinging Strike 3-2: Ground out 4-3 (Groundball, 4M)
|
Bottom of the 2nd over - 0 run(s), 0 hit(s), 0 error(s), 0 left on base; Vermont 0 - Hialeah 0 |
TOP OF THE 3RD |
Vermont Lake Monsters batting - Pitching for Hialeah Dodos : RHP José Guzmán
|
Batting: RHB Teddy Pelham
|
0-0: Called Strike 0-1: Called Strike 0-2: Fly out, F5 (Popup, 5F)
|
Batting: LHB John Brewer
|
0-0: Foul Ball, location: 2F 0-1: DOUBLE (Line Drive, 8RM)
|
Batting: LHB Theodore Shaw
|
0-0: Swinging Strike 0-1: Ball 1-1: Ball 2-1: Ball 3-1: Ground out 4-3 (Groundball, 4M) John Brewer to third
|
Batting: RHB Gonzalo Núñez
|
0-0: Called Strike 0-1: Foul Ball, location: 2F 0-2: Ball 1-2: Strikes out looking
|
Top of the 3rd over - 0 run(s), 1 hit(s), 0 error(s), 1 left on base; Vermont 0 - Hialeah 0 |
BOTTOM OF THE 3RD |
Hialeah Dodos batting - Pitching for Vermont Lake Monsters : RHP Ed Jacobs
|
Batting: LHB Jeremiah Spencer
|
0-0: Ball 1-0: Ball 2-0: Fly out, F8 (Flyball, 8LM)
|
Batting: SHB Mark Kennedy
|
0-0: Ball 1-0: Swinging Strike 1-1: Ball 2-1: Ground out 6-3 (Groundball, 6M)
|
Batting: RHB Ramón Gómez
|
0-0: Ball 1-0: Foul Ball, location: 2F 1-1: Ball 2-1: Foul Ball, location: 2F 2-2: Strikes out swinging
|
Bottom of the 3rd over - 0 run(s), 0 hit(s), 0 error(s), 0 left on base; Vermont 0 - Hialeah 0 |
TOP OF THE 4TH |
Vermont Lake Monsters batting - Pitching for Hialeah Dodos : RHP José Guzmán
|
Batting: RHB Denis Taylor
|
0-0: Ball 1-0: Called Strike 1-1: Foul Ball, location: 2F 1-2: Foul Ball, location: 2F 1-2: Strikes out swinging
|
Batting: RHB Pat Ings
|
0-0: Called Strike 0-1: Called Strike 0-2: Ball 1-2: Strikes out looking
|
Batting: RHB Daniel Cooper
|
0-0: Foul Ball, location: 2F 0-1: Ball 1-1: Ball 2-1: Called Strike 2-2: Strikes out looking
|
Top of the 4th over - 0 run(s), 0 hit(s), 0 error(s), 0 left on base; Vermont 0 - Hialeah 0 |
BOTTOM OF THE 4TH |
Hialeah Dodos batting - Pitching for Vermont Lake Monsters : RHP Ed Jacobs
|
Batting: RHB Peter Baker
|
0-0: Ball 1-0: Ground out 4-3 (Groundball, 4)
|
Batting: RHB Joe Andrews
|
0-0: Swinging Strike 0-1: Ground out 4-3 (Groundball, 4)
|
Batting: RHB Ji-chol Yang
|
0-0: Ball 1-0: Foul Ball, location: 2F 1-1: Swinging Strike 1-2: Fly out, F8 (Flyball, 8LXD)
|
Bottom of the 4th over - 0 run(s), 0 hit(s), 0 error(s), 0 left on base; Vermont 0 - Hialeah 0 |
TOP OF THE 5TH |
Vermont Lake Monsters batting - Pitching for Hialeah Dodos : RHP José Guzmán
|
Batting: RHB Ralph May
|
0-0: Ball 1-0: Swinging Strike 1-1: Called Strike 1-2: Ball 2-2: SINGLE (Line Drive, 78M)
|
Batting: LHB Dave Burns
|
0-0: Called Strike 0-1: Ball 1-1: Sac Bunt - play at first, batter OUT! 1-3 Ralph May to second
|
Batting: RHB Teddy Pelham
|
0-0: Fly out, F8 (Line Drive, 8LM)
|
Batting: LHB John Brewer
|
0-0: Fly out, F9 (Flyball, 9D)
|
Top of the 5th over - 0 run(s), 1 hit(s), 0 error(s), 1 left on base; Vermont 0 - Hialeah 0 |
BOTTOM OF THE 5TH |
Hialeah Dodos batting - Pitching for Vermont Lake Monsters : RHP Ed Jacobs
|
Batting: RHB Alvin Rogers
|
0-0: Ball 1-0: SINGLE (Line Drive, 8RS)
|
Pitching: RHP Alexander Allen
|
|
Batting: RHB Herman Cook
|
0-0: Called Strike 0-1: Swinging Strike 0-2: Ball 1-2: Fly out, F7 (Flyball, 7M)
|
Batting: SHB Daryl Moore
|
0-0: Called Strike 0-1: Ball 1-1: Called Strike 1-2: Ball 2-2: Foul Ball, location: 2F 2-2: Hit by Pitch Alvin Rogers to second
|
Batting: LHB Jeremiah Spencer
|
0-0: Ball 1-0: Fly out, F6 (Popup, 6)
|
Batting: SHB Mark Kennedy
|
0-0: Ball 1-0: Foul Ball, location: 2F 1-1: Foul Ball, location: 2F 1-2: Ball 2-2: Ball 3-2: Strikes out looking
|
Bottom of the 5th over - 0 run(s), 1 hit(s), 0 error(s), 2 left on base; Vermont 0 - Hialeah 0 |
TOP OF THE 6TH |
Vermont Lake Monsters batting - Pitching for Hialeah Dodos : RHP José Guzmán
|
Batting: LHB Theodore Shaw
|
0-0: Ball 1-0: Swinging Strike 1-1: SINGLE (Groundball, 6MD)
|
Batting: RHB Gonzalo Núñez
|
0-0: Called Strike 0-1: Called Strike 0-2: Strikes out looking
|
Batting: RHB Denis Taylor
|
0-0: Swinging Strike 0-1: Foul Ball, location: 2F 0-2: Strikes out looking
|
Batting: RHB Pat Ings
|
0-0: SINGLE (Groundball, 4D) Theodore Shaw to second Runner from 2nd tries for 3rd, SAFE, throw made to third
|
Batting: RHB Daniel Cooper
|
0-0: Foul Ball, location: 2F 0-1: Ball 1-1: Called Strike 1-2: Foul Ball, location: 2F 1-2: Foul Ball, location: 2F 1-2: Ball 2-2: Strikes out swinging
|
Top of the 6th over - 0 run(s), 2 hit(s), 0 error(s), 2 left on base; Vermont 0 - Hialeah 0 |
BOTTOM OF THE 6TH |
Hialeah Dodos batting - Pitching for Vermont Lake Monsters : RHP Alexander Allen
|
Batting: RHB Ramón Gómez
|
0-0: Called Strike 0-1: Called Strike 0-2: Strikes out swinging
|
Batting: RHB Peter Baker
|
0-0: Ball 1-0: Foul Ball, location: 2F 1-1: Ball 2-1: Fly out, F6 (Popup, 6M)
|
Batting: RHB Joe Andrews
|
0-0: Ball 1-0: Ball 2-0: Ball 3-0: Called Strike 3-1: SINGLE (Line Drive, 9S)
|
Batting: RHB Ji-chol Yang
|
0-0: Called Strike 0-1: Ball 1-1: Called Strike 1-2: Foul Ball, location: 2F 1-2: Ball 2-2: Foul Ball, location: 2F 2-2: Strikes out looking
|
Bottom of the 6th over - 0 run(s), 1 hit(s), 0 error(s), 1 left on base; Vermont 0 - Hialeah 0 |
TOP OF THE 7TH |
Vermont Lake Monsters batting - Pitching for Hialeah Dodos : RHP José Guzmán
|
Batting: RHB Ralph May
|
0-0: Ball 1-0: Ball 2-0: Ball 3-0: Called Strike 3-1: SINGLE (Line Drive, 34)
|
Pitching: LHP Ben Flowers
|
|
Pinch Hitting: RHB Júlio Santos
|
0-0: Ball 1-0: Ball 2-0: SINGLE (Flyball, 78S) Ralph May to second
|
Pinch Hitting: RHB Dale Carney
|
0-0: Fly out, F7 (Line Drive, 78S)
|
Batting: LHB John Brewer
|
0-0: Called Strike 0-1: Ball 1-1: Ball 2-1: Grounds into double play, U4-3 (Groundball, 4M)
|
Top of the 7th over - 0 run(s), 2 hit(s), 0 error(s), 1 left on base; Vermont 0 - Hialeah 0 |
BOTTOM OF THE 7TH |
Hialeah Dodos batting - Pitching for Vermont Lake Monsters : RHP Alexander Allen
|
Pitching: RHP Reynaldo Díaz
|
|
Now at 3B: Miguel Soto
|
|
Now at SS: Bob Wilson
|
|
Batting: RHB Alvin Rogers
|
0-0: Called Strike 0-1: Ball 1-1: Foul Ball, location: 2F 1-2: Strikes out swinging
|
Batting: RHB Herman Cook
|
0-0: Ball 1-0: DOUBLE (Flyball, 9LS)
|
Batting: SHB Daryl Moore
|
0-0: Intentional Walk
|
Pitching: LHP Gustavo Rúbio
|
|
Pinch Hitting: RHB Brian King
|
0-0: Ball Daryl Moore is caught stealing 2nd base 1-0: Ball 2-0: Ground out 6-3 (Groundball, 6M)
|
Bottom of the 7th over - 0 run(s), 1 hit(s), 0 error(s), 1 left on base; Vermont 0 - Hialeah 0 |
TOP OF THE 8TH |
Vermont Lake Monsters batting - Pitching for Hialeah Dodos : LHP Ben Flowers
|
Pitching: RHP Brent Riley
|
|
Now at SS: Brian King
|
|
Batting: LHB Theodore Shaw
|
0-0: SOLO HOME RUN (Flyball, 89XD), Distance : 416 ft
|
Batting: RHB Gonzalo Núñez
|
0-0: Ball 1-0: Ball 2-0: Swinging Strike 2-1: SINGLE (Line Drive, 89S)
|
Batting: RHB Denis Taylor
|
0-0: Grounds into double play, 6-4-3 (Groundball, 6)
|
Batting: RHB Pat Ings
|
0-0: Called Strike 0-1: Ball 1-1: Ball 2-1: Swinging Strike 2-2: Ball 3-2: Strikes out swinging
|
Top of the 8th over - 1 run(s), 2 hit(s), 0 error(s), 0 left on base; Vermont 1 - Hialeah 0 |
BOTTOM OF THE 8TH |
Hialeah Dodos batting - Pitching for Vermont Lake Monsters : LHP Gustavo Rúbio
|
Pitching: RHP Jorge Ayala
|
|
Batting: SHB Mark Kennedy
|
0-0: Called Strike 0-1: Foul Ball, location: 2F 0-2: Fly out, F4 (Popup, 4M)
|
Batting: RHB Ramón Gómez
|
0-0: Ball 1-0: Ball 2-0: Ball 3-0: Base on Balls
|
Pinch Hitting: LHB Bill Griffin
|
0-0: Ball 1-0: Ball 2-0: Called Strike 2-1: Called Strike 2-2: Foul Ball, location: 2F 2-2: Fly out, F8 (Flyball, 8LD)
|
Batting: RHB Joe Andrews
|
0-0: Ball 1-0: Called Strike 1-1: Called Strike 1-2: Strikes out swinging
|
Bottom of the 8th over - 0 run(s), 0 hit(s), 0 error(s), 1 left on base; Vermont 1 - Hialeah 0 |
TOP OF THE 9TH |
Vermont Lake Monsters batting - Pitching for Hialeah Dodos : RHP Brent Riley
|
Pitching: RHP Robinson Gonzáles
|
|
Now in RF: Bill Griffin
|
|
Batting: RHB Daniel Cooper
|
0-0: Called Strike 0-1: Fly out, F9 (Flyball, 9M)
|
Batting: RHB Ralph May
|
0-0: Foul Ball, location: 2F 0-1: Ball 1-1: Ball 2-1: SINGLE (Line Drive, 6MD)
|
Pinch Hitting: LHB Tim Hill
|
0-0: Foul Ball, location: 2F 0-1: Ball 1-1: Foul Ball, location: 2F 1-2: Strikes out looking
|
Batting: RHB Bob Wilson
|
0-0: Called Strike 0-1: Ball 1-1: Foul Ball, location: 2F 1-2: Strikes out swinging
|
Top of the 9th over - 0 run(s), 1 hit(s), 0 error(s), 1 left on base; Vermont 1 - Hialeah 0 |
BOTTOM OF THE 9TH |
Hialeah Dodos batting - Pitching for Vermont Lake Monsters : RHP Jorge Ayala
|
Pitching: RHP Branislav Stankovic
|
|
Now in LF: Tim Hill
|
|
Batting: RHB Ji-chol Yang
|
0-0: Ball 1-0: Ball 2-0: Ball 3-0: Base on Balls
|
Batting: RHB Alvin Rogers
|
0-0: Ball 1-0: Ball 2-0: Foul Ball, location: 2F 2-1: Called Strike 2-2: Ball 3-2: Strikes out looking
|
Batting: RHB Herman Cook
|
0-0: Swinging Strike 0-1: Ball 1-1: Swinging Strike 1-2: Fly out, F7 (Line Drive, 7LM)
|
Batting: SHB Daryl Moore
|
0-0: Ball 1-0: Called Strike 1-1: Ball 2-1: Called Strike 2-2: Foul Ball, location: 2F 2-2: Strikes out swinging
|
Bottom of the 9th over - 0 run(s), 0 hit(s), 0 error(s), 1 left on base; Vermont 1 - Hialeah 0 |
|